 Dungeon Crawl Stone Soup version 0.21-a0-150-gc243083 (webtiles) character file.

250 KristoblXynda the Slasher (level 5, 0/41 HPs)
             Began as a Draconian Warper on July 28, 2017.
             Slain by Xenophilius's ghost (11 damage)
             ... on level 3 of the Dungeon.
             The game lasted 00:06:54 (2713 turns).

KristoblXynda the Slasher (Draconian Warper)        Turns: 2713, Time: 00:06:55

Health: 0/41       AC:  5    Str: 13    XL:     5   Next: 88%
Magic:  5/8        EV: 13    Int: 14    God:
Gold:   184        SH:  0    Dex: 11    Spells: 4/8 levels left

rFire    . . .     SeeInvis .   a - +0 falchion
rCold    . . .     Gourm    .   (no shield)
rNeg     . . .     Faith    .   (armour unavailable)
rPois    .         Spirit   .   (helmet restricted)
rElec    .         Reflect  .   (no cloak)
rCorr    .         Harm     .   (no gloves)
MR       .....                  (no boots)
Stlth    ++........             (no amulet)
HPRegen  0.13/turn              (no ring)
MPRegen  0.11/turn              (no ring)

@: very slightly contaminated
A: unfitting armour, cold-blooded, AC +5
a: no special abilities


You were on level 3 of the Dungeon.
You were not hungry.

You visited 1 branch of the dungeon, and saw 3 of its levels.

You collected 184 gold pieces.

Inventory:

Hand Weapons
 a - a +0 falchion (weapon)
Missiles
 d - 5 tomahawks of dispersal (quivered)
Scrolls
 c - a scroll of blinking
 e - 3 scrolls of identify
 g - a scroll of remove curse
 i - a scroll of enchant armour
Potions
 l - a potion of haste
 q - a potion of brilliance
Books
 b - a book of Spatial Translocations

   Spells                             Type                      Level
   a - Blink                          Translocation                2
   b - Shroud of Golubria             Charms/Translocation         2
   c - Lesser Beckoning               Translocation                3
   d - Gell's Gravitas                Translocation                3
   e - Teleport Other                 Translocation                3
   f - Passage of Golubria            Translocation                4
Comestibles
 f - a bread ration
 m - 2 meat rations


   Skills:
 - Level 2.1 Fighting
 * Level 4.7 Long Blades
 - Level 0.8 Throwing
 + Level 3.2 Dodging
 + Level 2.6 Stealth
 - Level 2.0 Spellcasting
 - Level 3.0 Translocations


You had 4 spell levels left.
You knew the following spells:

 Your Spells              Type           Power        Failure   Level  Hunger
a - Shroud of Golubria    Chrm/Tloc      #.........   19%         2    ###....
b - Blink                 Tloc           N/A          11%         2    ###....


Dungeon Overview and Level Annotations

Branches:
Dungeon (3/15)

Altars:
Gozag
Qazlal
Wu Jian
The Shining One

Annotations:
D:3 Xenophilius's ghost, amateur DsFi


Innate Abilities, Weirdness & Mutations

Your plain brown scales are hard. (AC +5)
You cannot fit into any form of body armour.
You are cold-blooded and may be slowed by cold attacks.


Message History

Your shroud bends Xenophilius's ghost's attack away.
You hit Xenophilius's ghost but do no damage.
Xenophilius's ghost is moderately damaged.
Your shroud unravels.
Xenophilius's ghost barely misses you.
You riposte.
You hit Xenophilius's ghost.
You tail-slap Xenophilius's ghost, but do no damage.
Xenophilius's ghost is heavily damaged.
You hit Xenophilius's ghost but do no damage.
Xenophilius's ghost is heavily damaged.
Xenophilius's ghost hits you!
You hit Xenophilius's ghost but do no damage.
You tail-slap Xenophilius's ghost.
Xenophilius's ghost is heavily damaged.
Xenophilius's ghost hits you.
* * * LOW HITPOINT WARNING * * *
You hit Xenophilius's ghost.
Xenophilius's ghost is heavily damaged.
Xenophilius's ghost hits you!
You die...

.......# #.#.....##..
......# #.#.#......#
.....# #.#.###.....
....# #.#..#####..
#.#.## #.#.........
####....###......###..
#............)........
#....W................
#....@............##..
#......)...##..#####..
#######.######.# #..
#.......######.#####..
#.......##......##.((.
#.................(#..
#.......(........(##..
#(..<.............##..
#.................##..


You could see Xenophilius's ghost.

Vanquished Creatures
  A steam dragon (D:3)
  Terence (D:3)
  3 adders
  An ooze (D:1)
  A worm (D:2)
  2 dart slugs (D:1)
  2 leopard geckos
  6 giant cockroaches
  8 goblins
  5 hobgoblins
  2 quokkas (D:2)
  2 ball pythons (D:2)
  4 bats
  4 frilled lizards (D:2)
  7 kobolds
  10 rats
59 creatures vanquished.

Vanquished Creatures (others)
  A giant cockroach (D:3)
  A goblin (D:3)
2 creatures vanquished.

Grand Total: 61 creatures vanquished

Notes
Turn   | Place    | Note
-------+----------+-------------------------------------------
     0 | D:1      | KristoblXynda the Draconian Warper began the quest for the Orb.
     0 | D:1      | Reached XP level 1. HP: 17/17 MP: 3/3
   132 | D:1      | Reached XP level 2. HP: 17/24 MP: 5/5
   142 | D:1      | Reached skill level 1 in Stealth
   583 | D:1      | Reached XP level 3. HP: 29/29 MP: 6/6
   630 | D:1      | Learned a level 2 spell: Shroud of Golubria
   633 | D:1      | Learned a level 2 spell: Blink
   792 | D:2      | Reached skill level 3 in Long Blades
  1015 | D:2      | Found a glowing golden altar of the Shining One.
  1624 | D:2      | Reached XP level 4. HP: 31/36 MP: 7/7
  1658 | D:2      | Found an opulent altar of Gozag.
  2086 | D:3      | Noticed Xenophilius's ghost (amateur DsFi)
  2092 | D:3      | Noticed Terence
  2337 | D:3      | Found an ornate altar of the Wu Jian Council.
  2369 | D:3      | Noticed a steam dragon
  2383 | D:3      | Killed a steam dragon
  2383 | D:3      | Reached skill level 4 in Long Blades
  2383 | D:3      | Reached XP level 5. HP: 33/41 MP: 8/8
  2494 | D:3      | Found a stormy altar of Qazlal.
  2691 | D:3      | Killed Terence
  2713 | D:3      | Slain by Xenophilius's ghost

Vault maps used:
D:1:      shiori_shiawase, minmay_misc_feat_tower
D:2:      nicolae_tso_swordbearing_angel, nicolae_gozag_seed_capital
D:3:      lemuel_crystal_altar, grunt_qazlal_clouds,
          nicolae_overflow_hidden_temple, kennysheep_boxes, uniq_terence,
          uniq_crazy_yiuf_cottage

Skill      XL: |  1  2  3  4 |
---------------+-------------+-----
Stealth        | 1 2 |  2.6
Long Blades    | 3 4 |  4.7
Dodging        | 3 |  3.2
Fighting       | |  2.1
Throwing       | |  0.8
Spellcasting   | |  2.0
Translocations | |  3.0

Action                   |  1- 3 |  4- 6 || total
-------------------------+-------+-------++-------
Melee: Falchion          |   121 |    71 ||   192
       Tailslap          |    15 |    13 ||    28
 Cast: Shroud of Golubri |       |     2 ||     2
  Use: Scroll            |     3 |     7 ||    10
       Potion            |       |     4 ||     4
 Stab: Sleeping          |     3 |     1 ||     4
  Eat: Chunk             |     2 |     4 ||     6
Armor: Skin              |    37 |    20 ||    57
Dodge: Dodged            |    68 |    55 ||   123
       Rpst.: Falchion   |    16 |    15 ||    31
